BSA
NEW YORK KNIGHTS @ SAN FRANCISCO BANDITS
04/26/2029
 
TOP OF THE 1ST
New York Knights batting - Pitching for San Francisco Bandits : RHP Yodo Nakagawa
Pitching: RHP Yodo Nakagawa
Batting: LHB Warren Potter 0-0: Ground out 6-3 (Groundball, 6)
Batting: RHB Pepe Carrasco 0-0: Called Strike
0-1: Ball
1-1: Foul Ball, location: 2F
1-2: Ball
2-2: Ball
3-2: Fly out, F5 (Line Drive, 56)
Batting: RHB Vic Langlois 0-0: Ball
1-0: Called Strike
1-1: Ground out 4-3 (Groundball, 34)
Top of the 1st over - 0 runs, 0 hits, 0 errors, 0 left on base; New York 0 - San Francisco 0
BOTTOM OF THE 1ST
San Francisco Bandits batting - Pitching for New York Knights : RHP Thatcher Smith
Pitching: RHP Thatcher Smith
Batting: RHB José Hernández 0-0: Ball
1-0: Fly out, F8 (Flyball, 8RM)
Batting: RHB Scott Merritt 0-0: Fly out, F5 (Line Drive, 5)
Batting: RHB Owen Carter 0-0: Called Strike
0-1: Ball
1-1: Foul Ball, location: 2F
1-2: Fly out, F5 (Popup, 15S)
Bottom of the 1st over - 0 runs, 0 hits, 0 errors, 0 left on base; New York 0 - San Francisco 0
TOP OF THE 2ND
New York Knights batting - Pitching for San Francisco Bandits : RHP Yodo Nakagawa
Batting: RHB Lonnie Anderson 0-0: Ball
1-0: Foul Ball, location: 2F
1-1: Ground out 5-3 (Groundball, 56)
Batting: SHB Marvin Harris 0-0: Ball
1-0: Ball
2-0: Ball
3-0: Base on Balls
Batting: RHB Felipe Rodríguez 0-0: Ball
1-0: Ball
2-0: Called Strike
2-1: Foul Ball, location: 2F
2-2: Ball
3-2: Foul Ball, location: 2F
3-2: Foul Ball, location: 2F
3-2: Fly out, F8 (Line Drive, 78M)
Batting: RHB Steve Sampson 0-0: Fly out, F7 (Flyball, 7D)
Top of the 2nd over - 0 runs, 0 hits, 0 errors, 1 left on base; New York 0 - San Francisco 0
BOTTOM OF THE 2ND
San Francisco Bandits batting - Pitching for New York Knights : RHP Thatcher Smith
Batting: LHB Chris Austin 0-0: Called Strike
0-1: Called Strike
0-2: Ball
1-2: Ball
2-2: Foul Ball, location: 2F
2-2: Ball
3-2: SINGLE (Groundball, 56D)
Batting: RHB Michael Elliott 0-0: Fly out, F4 (Popup, 3D)
Batting: LHB Alan McGilroy 0-0: Ball
1-0: Called Strike
1-1: Grounds into double play, 3-6-1 (Groundball, 3)
Bottom of the 2nd over - 0 runs, 1 hit, 0 errors, 0 left on base; New York 0 - San Francisco 0
TOP OF THE 3RD
New York Knights batting - Pitching for San Francisco Bandits : RHP Yodo Nakagawa
Batting: LHB Marcos Pérez 0-0: Foul Ball, location: 2F
0-1: Swinging Strike
0-2: Ball
1-2: Ball
2-2: Ball
3-2: Strikes out looking
Batting: RHB Jacob Pope 0-0: Swinging Strike
0-1: Fly out, F8 (Flyball, 8RM)
Batting: LHB Warren Potter 0-0: DOUBLE (Groundball, 3L)
Batting: RHB Pepe Carrasco 0-0: Called Strike
0-1: Called Strike
0-2: Strikes out looking
Top of the 3rd over - 0 runs, 1 hit, 0 errors, 1 left on base; New York 0 - San Francisco 0
BOTTOM OF THE 3RD
San Francisco Bandits batting - Pitching for New York Knights : RHP Thatcher Smith
Batting: RHB Javier Ramírez 0-0: Ball
1-0: Called Strike
1-1: Ball
2-1: Swinging Strike
2-2: Ball
3-2: Strikes out looking
Batting: LHB Anacleto Morillo 0-0: Ball
1-0: Ball
2-0: Ball
3-0: Called Strike
3-1: Swinging Strike
3-2: Foul Ball, location: 2F
3-2: Base on Balls
Batting: RHB Naomichi Aoki 0-0: Ball
1-0: Called Strike
1-1: Swinging Strike
1-2: Strikes out looking
Batting: RHB José Hernández 0-0: Called Strike
0-1: Called Strike
0-2: Ball
1-2: SINGLE (Groundball, 6M) (infield hit)
Anacleto Morillo to second
Batting: RHB Scott Merritt 0-0: Fly out, F4 (Popup, 34D)
Bottom of the 3rd over - 0 runs, 1 hit, 0 errors, 2 left on base; New York 0 - San Francisco 0
TOP OF THE 4TH
New York Knights batting - Pitching for San Francisco Bandits : RHP Yodo Nakagawa
Batting: RHB Vic Langlois 0-0: Ground out 6-3 (Groundball, 6)
Batting: RHB Lonnie Anderson 0-0: Ball
1-0: Foul Ball, location: 2F
1-1: Swinging Strike
1-2: Ball
2-2: Foul Ball, location: 2F
2-2: Strikes out swinging
Batting: SHB Marvin Harris 0-0: Ball
1-0: Ball
2-0: Ball
3-0: Called Strike
3-1: Base on Balls
Batting: RHB Felipe Rodríguez 0-0: Ball
1-0: Called Strike
1-1: Ball
2-1: Ball
3-1: Swinging Strike
3-2: Strikes out swinging
Top of the 4th over - 0 runs, 0 hits, 0 errors, 1 left on base; New York 0 - San Francisco 0
BOTTOM OF THE 4TH
San Francisco Bandits batting - Pitching for New York Knights : RHP Thatcher Smith
Batting: RHB Owen Carter 0-0: Called Strike
0-1: Foul Ball, location: 2F
0-2: Ball
1-2: Fly out, F9 (Flyball, 9)
Batting: LHB Chris Austin 0-0: Ball
1-0: Ground out U3 (Groundball, 34S)
Batting: RHB Michael Elliott 0-0: Foul Ball, location: 2F
0-1: Called Strike
0-2: Strikes out swinging
Bottom of the 4th over - 0 runs, 0 hits, 0 errors, 0 left on base; New York 0 - San Francisco 0
TOP OF THE 5TH
New York Knights batting - Pitching for San Francisco Bandits : RHP Yodo Nakagawa
Batting: RHB Steve Sampson 0-0: Ball
1-0: Fly out, F7 (Line Drive, 78XD)
Now in LF: David Crespo
Batting: LHB Marcos Pérez 0-0: Foul Ball, location: 2F
0-1: Ball
1-1: DOUBLE (Line Drive, 9LM)
Batting: RHB Jacob Pope 0-0: Foul Ball, location: 2F
0-1: Fly out, F9 (Line Drive, 89D)
Runner from 2nd tags up, SAFE at 3rd, no throw
Batting: LHB Warren Potter 0-0: Ball
1-0: Called Strike
1-1: DOUBLE (Groundball, 5L)
Marcos Pérez scores
Batting: RHB Pepe Carrasco 0-0: Ball
1-0: Swinging Strike
1-1: Foul Ball, location: 2F
1-2: SINGLE (Flyball, 7LS)
Warren Potter to third
Runner from 3rd tries for Home, SAFE, throw made home
Batting: RHB Vic Langlois Balk!
Pepe Carrasco to second
0-0: Called Strike
0-1: Foul Ball, location: 2F
0-2: Foul Ball, location: 2F
0-2: Strikes out swinging
Top of the 5th over - 2 runs, 3 hits, 0 errors, 1 left on base; New York 2 - San Francisco 0
BOTTOM OF THE 5TH
San Francisco Bandits batting - Pitching for New York Knights : RHP Thatcher Smith
Batting: LHB Alan McGilroy 0-0: Ball
1-0: Ball
2-0: Ball
3-0: Base on Balls
Batting: RHB Javier Ramírez 0-0: Grounds into double play, 4-6-3 (Groundball, 4)
Batting: LHB Anacleto Morillo 0-0: Called Strike
0-1: Foul Ball, location: 2F
0-2: Foul Ball, location: 2F
0-2: Ball
1-2: Strikes out swinging, 2-3 out at first.
Bottom of the 5th over - 0 runs, 0 hits, 0 errors, 0 left on base; New York 2 - San Francisco 0
TOP OF THE 6TH
New York Knights batting - Pitching for San Francisco Bandits : RHP Yodo Nakagawa
Batting: RHB Lonnie Anderson 0-0: Fly out, F8 (Flyball, 8RS)
Batting: SHB Marvin Harris 0-0: Swinging Strike
0-1: Ball
1-1: Ball
2-1: Called Strike
2-2: Foul Ball, location: 2F
2-2: SINGLE (Flyball, 78S)
Batting: RHB Felipe Rodríguez 0-0: Swinging Strike
0-1: SINGLE (Line Drive, 8LS)
Marvin Harris to second
Batting: RHB Steve Sampson 0-0: Ball
1-0: Ball
2-0: Foul Ball, location: 2F
2-1: Ball
3-1: Foul Ball, location: 2F
3-2: Strikes out looking
Pitching: RHP Carlos Ledezma
Batting: LHB Marcos Pérez 0-0: Ball
1-0: Called Strike
1-1: Foul Ball, location: 2F
1-2: Ball
2-2: Foul Ball, location: 2F
2-2: Strikes out swinging
Top of the 6th over - 0 runs, 2 hits, 0 errors, 2 left on base; New York 2 - San Francisco 0
BOTTOM OF THE 6TH
San Francisco Bandits batting - Pitching for New York Knights : RHP Thatcher Smith
Batting: RHB Naomichi Aoki 0-0: Called Strike
0-1: Foul Ball, location: 2F
0-2: Foul Ball, location: 2F
0-2: DOUBLE (Line Drive, 7LD)
Batting: RHB José Hernández 0-0: Called Strike
0-1: Foul Ball, location: 2F
0-2: Foul Ball, location: 2F
0-2: Ball
Wild Pitch!
Naomichi Aoki to third
1-2: Ball
2-2: Foul Ball, location: 2F
2-2: Fly out, F8 (Flyball, 8RD)
Runner from 3rd tags up, SCORES, throw made
Batting: RHB Scott Merritt 0-0: Ball
1-0: Ball
2-0: Called Strike
2-1: SINGLE (Groundball, 6MD)
Batting: RHB Owen Carter 0-0: Called Strike
0-1: Ground out U3 (Groundball, 3S)
Scott Merritt to second
Batting: RHB David Crespo 0-0: Foul Ball, location: 2F
0-1: Swinging Strike
0-2: Foul Ball, location: 2F
0-2: Ball
1-2: Ball
2-2: Strikes out swinging
Bottom of the 6th over - 1 run, 2 hits, 0 errors, 1 left on base; New York 2 - San Francisco 1
TOP OF THE 7TH
New York Knights batting - Pitching for San Francisco Bandits : RHP Carlos Ledezma
Batting: RHB Jacob Pope 0-0: Foul Ball, location: 2F
0-1: Ball
1-1: Ball
2-1: Ball
3-1: Foul Ball, location: 2F
3-2: Strikes out looking
Batting: LHB Warren Potter 0-0: Ball
1-0: Called Strike
1-1: Foul Ball, location: 2F
1-2: Ball
2-2: Fly out, F8 (Flyball, 8LXD)
Batting: RHB Pepe Carrasco 0-0: Ball
1-0: DOUBLE (Flyball, 89XD)
Batting: RHB Vic Langlois 0-0: 2-RUN HOME RUN (Flyball, 78XD), Distance : 369 ft
Batting: RHB Lonnie Anderson 0-0: Ball
1-0: Swinging Strike
1-1: Reached on error, E6 (Groundball, 6S)
Batting: SHB Marvin Harris 0-0: Ball
1-0: Ball
2-0: Swinging Strike
2-1: Ball
3-1: Fielders Choice at 2nd, 6-4 (Groundball, 56)
Top of the 7th over - 2 runs, 2 hits, 1 error, 1 left on base; New York 4 - San Francisco 1
BOTTOM OF THE 7TH
San Francisco Bandits batting - Pitching for New York Knights : RHP Thatcher Smith
Batting: RHB Michael Elliott 0-0: Swinging Strike
0-1: Foul Ball, location: 2F
0-2: Strikes out swinging
Batting: LHB Alan McGilroy 0-0: Foul Ball, location: 2F
0-1: Foul Ball, location: 2F
0-2: SOLO HOME RUN (Flyball, 9LD), Distance : 319 ft
Batting: RHB Javier Ramírez 0-0: Ball
1-0: Ball
2-0: SINGLE (Groundball, 34D)
Batting: LHB Anacleto Morillo Balk!
Javier Ramírez to second
0-0: Ball
1-0: Foul Ball, location: 2F
1-1: Called Strike
1-2: Ball
2-2: Ball
3-2: Base on Balls
Pitching: RHP Sancho Mendoza
Batting: RHB Naomichi Aoki 0-0: Called Strike
0-1: Foul Ball, location: 2F
0-2: Ball
1-2: Ball
2-2: Ball
3-2: Base on Balls
Javier Ramírez to third
Anacleto Morillo to second
Batting: RHB José Hernández 0-0: Called Strike
0-1: Called Strike
0-2: Strikes out looking
Batting: RHB Scott Merritt 0-0: Foul Ball, location: 2F
0-1: Ball
1-1: Fly out, F7 (Flyball, 78M)
Bottom of the 7th over - 1 run, 2 hits, 0 errors, 3 left on base; New York 4 - San Francisco 2
TOP OF THE 8TH
New York Knights batting - Pitching for San Francisco Bandits : RHP Carlos Ledezma
Batting: RHB Felipe Rodríguez 0-0: Foul Ball, location: 2F
0-1: Ball
1-1: Foul Ball, location: 2F
1-2: Ground out 6-3 (Groundball, 6)
Batting: RHB Steve Sampson 0-0: Called Strike
0-1: Ball
1-1: Ball
2-1: Foul Ball, location: 2F
2-2: DOUBLE (Line Drive, 7D)
Batting: LHB Marcos Pérez 0-0: Called Strike
0-1: Ground out 4-3 (Groundball, 4)
Steve Sampson to third
Batting: RHB Jacob Pope 0-0: Swinging Strike
0-1: Ball
1-1: Ball
2-1: Reached on error, E6 (Groundball, 6M)
Steve Sampson scores
Pitching: RHP Mal Park
Batting: LHB Warren Potter 0-0: Ball
1-0: Called Strike
1-1: Ground out 1-3 (Groundball, 13S)
Top of the 8th over - 1 run, 1 hit, 1 error, 1 left on base; New York 5 - San Francisco 2
BOTTOM OF THE 8TH
San Francisco Bandits batting - Pitching for New York Knights : RHP Sancho Mendoza
Batting: RHB Owen Carter 0-0: Ball
1-0: SINGLE (Groundball, 4MD)
Batting: RHB David Crespo 0-0: Grounds into double play, 6-4-3 (Groundball, 6M)
Batting: RHB Michael Elliott 0-0: Called Strike
0-1: Ground out 5-3 (Groundball, 56)
Bottom of the 8th over - 0 runs, 1 hit, 0 errors, 0 left on base; New York 5 - San Francisco 2
TOP OF THE 9TH
New York Knights batting - Pitching for San Francisco Bandits : RHP Mal Park
Batting: RHB Pepe Carrasco 0-0: Ball
1-0: Ball
2-0: Called Strike
2-1: Swinging Strike
2-2: Ball
3-2: Base on Balls
Batting: RHB Vic Langlois 0-0: Ball
1-0: Called Strike
1-1: Foul Ball, location: 2F
1-2: Ball
2-2: Ball
3-2: Strikes out swinging
Batting: RHB Lonnie Anderson 0-0: Foul Ball, location: 2F
0-1: Foul Ball, location: 2F
0-2: Foul Ball, location: 2F
0-2: Ball
1-2: Ball
2-2: 2-RUN HOME RUN (Flyball, 78XD), Distance : 376 ft
Batting: SHB Marvin Harris 0-0: Ball
1-0: Ball
2-0: Fly out, F9 (Line Drive, 9S)
Batting: RHB Felipe Rodríguez 0-0: Called Strike
0-1: Fly out, F8 (Flyball, 8RS)
Top of the 9th over - 2 runs, 1 hit, 0 errors, 0 left on base; New York 7 - San Francisco 2
BOTTOM OF THE 9TH
San Francisco Bandits batting - Pitching for New York Knights : RHP Sancho Mendoza
Batting: LHB Alan McGilroy 0-0: Ball
1-0: Ball
2-0: Ball
3-0: Called Strike
3-1: Base on Balls
Batting: RHB Javier Ramírez 0-0: Ball
1-0: Ball
2-0: Called Strike
2-1: Ball
3-1: Swinging Strike
3-2: Foul Ball, location: 2F
3-2: Base on Balls
Alan McGilroy to second
Batting: LHB Anacleto Morillo 0-0: Called Strike
0-1: Foul Ball, location: 2F
0-2: Ball
1-2: Strikes out swinging
Batting: RHB Naomichi Aoki 0-0: Fly out, F7 (Flyball, 78M)
Batting: RHB José Hernández 0-0: Fly out, F7 (Flyball, 78D)
Bottom of the 9th over - 0 runs, 0 hits, 0 errors, 2 left on base; New York 7 - San Francisco 2
Saturday, December 16th, 2017 - OOTP Baseball 18.8 Build 76